 Dungeon Crawl Stone Soup version bcrawl-1.17.3 (webtiles) character file.

Game seed: 6509628756206326996

490 Lanoc the Skirmisher (level 6, 0/58 HPs)
             Began as a Djinni Monk on Oct 24, 2019.
             Was a Believer of Ashenzari.
             Slain by a worker ant zombie (3 damage)
             ... on level 5 of the Dungeon.
             The game lasted 00:08:34 (4312 turns).

Lanoc the Skirmisher (Djinni Monk)                  Turns: 4312, Time: 00:08:35

Health: 0/58       AC:  2    Str: 16    XL:     6   Next: 90%
Magic:  0/7        EV: 15    Int: 15    God:    Ashenzari [**....]
Gold:   220        SH:  0    Dex: 13    Spells: 5/5 levels left

rFire    . . .     SeeInvis .   j - +2 whip (vamp) (curse)
rCold    . . .     Gourm    .   (no shield)
rNeg     . . .     Faith    .   b - +0 robe
rPois    .         Spirit   +   c - +0 hat
rElec    .         Reflect  .   q - scarf {cloud immunity} (curse)
rCorr    .         Harm     .   (no gloves)
MR       .....     Rnd*Rage +   (boots unavailable)
Stlth    ++........             d - amulet of guardian spirit
HPRegen  0.19/turn              (no ring)
MPRegen  0.10/turn              (no ring)

@: mighty, flying, hasted, very quick
A: never pass out, horns 1, berserk 2, blink, blurry vision 3, weak 1, wild
magic 2, MP-powered wands, floating
a: Blink, Curse Item, Scrying, Renounce Religion


You were on level 5 of the Dungeon.
You worshipped Ashenzari.
Ashenzari was pleased with you.
You were not hungry.

You visited 1 branch of the dungeon, and saw 5 of its levels.

You collected 220 gold pieces.

Inventory:

Hand Weapons
 j - a cursed +2 vampiric whip (weapon)
Armour
 b - a +0 robe (worn)
 c - a +0 hat (worn)
 q - a cursed scarf of cloud immunity (worn)
Jewellery
 d - an amulet of guardian spirit (around neck)
Scrolls
 g - a scroll of noise {unknown}
 l - 2 scrolls of enchant weapon {unknown}
 m - a scroll of immolation {unknown}
 n - 3 scrolls of identify {unknown}
 o - 3 scrolls of remove curse {unknown}
 r - a scroll of teleportation {unknown}
 s - a scroll of amnesia {unknown}
Potions
 e - a potion of flight
Comestibles
 a - 2 chunks of flesh
 f - 6 rations {!d}


   Skills:
 + Level 6.5 Fighting
 - Level 3.0(5.0) Maces & Flails
 + Level 5.9 Dodging
 - Level 1.5 Stealth
   Level 2.1 Invocations


You had 5 spell levels left.
You didn't know any spells.
Your spell library was empty.

Dungeon Overview and Level Annotations

Branches:
Dungeon (5/12)
 Temple: D:4-7

Altars:
Ashenzari
Lugonu
Okawaru
Ru


Innate Abilities, Weirdness & Mutations

You never pass out after going berserk.
You often lose your temper in combat.
You can translocate small distances at will.
Scrolls take you much longer to read.
Your spells are harder to cast, but more powerful.
You expend magic power (3 MP) to strengthen your wands.
Your body floats in the air.
You have a pair of small horns on your head.
You are weak. (Str -2)


Message History

Some of the chunks of flesh in your inventory have rotted away.
It was a potion of mutation.
You feel extremely strange.
You feel weaker.
Your vision blurs.
A pair of horns grows on your head! The crimson imp hits you.
* * * LOW HITPOINT WARNING * * *
The crimson imp blinks!
The worker ant zombie waves its antennae.
It was a potion of might.
You feel very mighty all of a sudden. The worker ant zombie bites you.
* * * LOW HITPOINT WARNING * * *
It was a potion of haste.
You feel yourself speed up.
The worker ant zombie closely misses you.
You whack the worker ant zombie!
The worker ant zombie is moderately damaged.
The worker ant zombie barely misses you.
You whack the worker ant zombie!
The worker ant zombie is heavily damaged.
The worker ant zombie bites you.
You die...

, ...##....., # ,
*.......####.# ** ,,
........... , ##. **
#..)..# .., ####g§)..#
#..##....##......
#>.#....####..#.. ,
###..##.Z###....... ,
##........@#....(...###
#......##.........#....
......†...##.#....#...., ,.
, ##...##....#.#........ ..
#...........###....#** #..
####........<.......####..#
#.#.......................#
*
#..#......................#
#..........>#.............#


You could see a worker ant zombie.

Vanquished Creatures
  2 scorpions
  Jessica (D:2)
  An iguana (D:5)
  An orc wizard (D:3)
  2 worker ants (D:4)
  A hound skeleton (D:4)
  A howler monkey skeleton (D:3)
  Robin (D:2)
  5 gnolls
  8 adders
  3 oozes
  3 worms
  A dart slug (D:1)
  A leopard gecko (D:2)
  5 orcs
  3 bats
  14 hobgoblins
  17 jackals
  2 quokkas
  A frilled lizard (D:2)
  8 goblins
  6 kobolds
  7 rats
94 creatures vanquished.

Notes
Turn   | Place    | Note
-------+----------+-------------------------------------------
     0 | D:1      | Lanoc the Djinni Monk began the quest for the Orb.
     0 | D:1      | Reached XP level 1. HP: 19/19 MP: 2/2
   249 | D:2      | Reached XP level 2. HP: 27/27 MP: 3/3
   264 | D:2      | Noticed Jessica
   270 | D:1      | Reached skill level 4 in Fighting
   281 | D:1      | Reached XP level 3. HP: 12/33 MP: 2/4
   723 | D:2      | Killed Jessica
   919 | D:2      | Noticed Robin
   935 | D:2      | Gained mutation: Your spells are harder to cast, but more
                  | powerful. [Djinni growth]
   935 | D:2      | Gained mutation: You can translocate small distances at
                  | will. [Djinni growth]
   935 | D:2      | Reached XP level 4. HP: 24/41 MP: 3/5
   947 | D:2      | Killed Robin
  1788 | D:3      | Reached skill level 5 in Fighting
  1788 | D:3      | Reached XP level 5. HP: 32/48 MP: 4/6
  1984 | D:3      | Found a shattered altar of Ashenzari.
  2002 | D:3      | Became a worshipper of Ashenzari the Shackled
  2002 | D:3      | Reached * piety under Ashenzari
  2002 | D:3      | Reached ** piety under Ashenzari
  2079 | D:3      | Found a corrupted altar of Lugonu.
  2371 | D:3      | Reached skill level 5 in Dodging
  3099 | D:4      | Found a sacrificial altar of Ru.
  3365 | D:4      | Reached XP level 6. HP: 57/57 MP: 5/7
  3376 | D:4      | Found an iron altar of Okawaru.
  3629 | D:4      | Reached skill level 6 in Fighting
  3964 | D:5      | Entered Level 5 of the Dungeon
  4305 | D:5      | Gained mutation: You are weak. (Str -2) [potion of
                  | mutation]
  4305 | D:5      | Gained mutation: Scrolls take you much longer to read.
                  | [potion of mutation]
  4305 | D:5      | Gained mutation: You have a pair of small horns on your
                  | head. [potion of mutation]
  4312 | D:5      | Slain by a worker ant zombie

Skill      XL: |  1  2  3  4  5  6 |
---------------+-------------------+-----
Fighting       | 4 5 6 |  6.5
Dodging        | 4 5 |  5.9
Maces & Flails | |  3.0
Stealth        | |  1.5
Invocations    | |  2.1

Action                   |  1- 3 |  4- 6 || total
-------------------------+-------+-------++-------
Melee: Mace              |    44 |       ||    44
       Whip              |    26 |   340 ||   366
Invok: Curse Item        |       |     2 ||     2
  Use: Potion            |       |     6 ||     6
 Stab: Sleeping          |       |     6 ||     6
       Distracted        |       |     1 ||     1
  Eat: Ration            |     2 |       ||     2
       Chunk             |       |     9 ||     9
Armor: Robe              |    15 |    24 ||    39
       Skin              |       |    20 ||    20
Dodge: Dodged            |    51 |   214 ||   265
